 Dungeon Crawl Stone Soup version 0.31-a0-229-g1fc7ce93e2 (webtiles) character file.

Game seed: 14976803378585244906

424 qw the Shooter (level 6, -3/51 HPs)
             Began as a Minotaur Hexslinger on July 6, 2023.
             Slain by an ogre
             ... wielding a +0 giant club
              (33 damage)
             ... on level 4 of the Dungeon.
             The game lasted 00:01:18 (2673 turns).

qw the Shooter (Minotaur Hexslinger)                Turns: 2673, Time: 00:01:18

Health: -3/51      AC:  6    Str: 13    XL:     6   Next: 64%
Magic:  6/6        EV: 11    Int: 10    God:
Gold:   121        SH:  0    Dex: 14    Spells: 6/7 levels left

rFire   . . .        Y - +1 sling
rCold   . . .        (no shield)
rNeg    . . .        l - +0 ring mail
rPois   .            (helmet restricted)
rElec   .            (no cloak)
rCorr   .            k - +0 pair of gloves
SInv    .            (no boots)
Will    .....        (no amulet)
Stlth   +            (no ring)
HPRegen 0.28/turn    (no ring)
MPRegen 0.10/turn

%: no passive effects
@: no status effects
A: horns 2, retaliatory headbutt
a: no special abilities


You were on level 4 of the Dungeon.
You visited 1 branch of the dungeon, and saw 4 of its levels.

You collected 165 gold pieces.
You spent 44 gold pieces at shops.


Innate Abilities, Weirdness & Mutations

You have a pair of horns on your head.
You reflexively headbutt those who attack you in melee.


   Skills:
 + Level 3.5 Fighting
 - Level 7.1 Ranged Weapons
 - Level 1.0 Armour
 - Level 2.1 Dodging
 - Level 1.0 Spellcasting
 - Level 2.0 Hexes


You had 6 spell levels left.
You knew the following spells:

 Your Spells              Type           Power      Damage    Failure   Level
a - Slow                  Hex            16%        N/A       32%         1

Your spell library contained the following spells:

 Spells                   Type           Power      Damage    Failure   Level
 Inner Flame              Hex/Fire       2%         N/A       82%         3
 Portal Projectile        Hex/Tloc       4%         N/A       82%         3
 Cause Fear               Hex            2%         N/A       97%         4

Inventory:

Hand Weapons
 Y - a +1 sling (weapon)
Armour
 k - a +0 pair of gloves (worn)
 l - a +0 ring mail (worn)
 n - a +0 pair of boots
Scrolls
 a - a scroll of identify
 c - 2 scrolls of teleportation
 h - a scroll of summoning {unknown}
Potions
 b - a potion of invisibility {unknown}
 d - a potion of haste {unknown}
 e - a potion of attraction {unknown}
 f - 2 potions of heal wounds
 g - a potion of cancellation {unknown}
 i - 3 potions of curing
 j - a potion of might {unknown}
 m - a potion of brilliance {unknown}

Dungeon Overview and Level Annotations

Branches:
Dungeon (4/15)
 Temple: D:4-7

Altars:
Kikubaaqudgha
Sif Muna

Shops:
D:2 *


Message History

Enter note:
Enter note: An ogre comes into view. It is wielding a +0 giant club.
The ogre shouts!
You hear a shout!
Enter note:
Enter note:
Enter note: You shoot a sling bullet.
The sling bullet closely misses the ogre.
You shoot a sling bullet. The sling bullet hits the ogre.
The ogre is lightly wounded.
You shoot a sling bullet. The sling bullet hits the ogre.
The ogre is lightly wounded.
You shoot a sling bullet. The sling bullet hits the ogre.
The ogre is moderately wounded.
You shoot a sling bullet. The sling bullet hits the ogre.
The ogre is moderately wounded.
The ogre barely misses you. You furiously retaliate!
You headbutt the ogre. You shoot a sling bullet.
The sling bullet hits the ogre.
The ogre is severely wounded.
The ogre completely misses you.
You shoot a sling bullet.
The sling bullet hits the ogre but does no damage.
The ogre is severely wounded.
You shoot a sling bullet.
The sling bullet barely misses the ogre.
The ogre hits you with a +0 giant club!!
You shoot a sling bullet.
The sling bullet barely misses the ogre.
The ogre hits you with a +0 giant club.
You shoot a sling bullet. The sling bullet hits the ogre.
The ogre is severely wounded.
The ogre barely misses you.
You shoot a sling bullet. The sling bullet hits the ogre.
The ogre is severely wounded.
You shoot a sling bullet. The sling bullet hits the ogre.
The ogre is almost dead.
The ogre hits you with a +0 giant club!!
Ouch! That really hurt!
You die...

# #..# # #..# # #..#
# #..# ####..#
#.....# #...#.#
#.....#####..
##########
##.##@O.>...#
#.........
#.#######...
...######.###.#####.#
#..# #..........#
#..# #####.#####.#
#..##########.#
#^............#
#.............#
#.#<########.##


You could see an ogre.

Vanquished Creatures
  Grinder (D:3)
  Jessica (D:3)
  Terence (D:3)
  An iguana (D:4)
  3 gnolls (D:3)
  6 adders
  2 worms (D:2)
  A dart slug (D:1)
  An orc (D:3)
  2 bat zombies (D:3)
  12 endoplasms
  A giant cockroach (D:1)
  4 goblins
  A hobgoblin (D:1)
  3 quokkas
  11 ball pythons
  6 bats
  8 kobolds
  4 rats
  A rat zombie (D:3)
70 creatures vanquished.

Notes
Turn   | Place    | Note
-------+----------+-------------------------------------------
     0 | D:1      | qw the Minotaur Hexslinger began the quest for the Orb.
     0 | D:1      | Reached XP level 1. HP: 16/16 MP: 1/1
     0 | D:1      | 0 ||| qw: Version: 0.3-a-46-gb1f654a
     0 | D:1      | 0 ||| qw: Game counter: 1479
     0 | D:1      | 0 ||| qw: Melee chars always use a shield: true
     0 | D:1      | 0 ||| qw: God list: Okawaru
     0 | D:1      | 0 ||| qw: Allow faded altars: false
     0 | D:1      | 0 ||| qw: Do Orc after clearing Dungeon:15 true
     0 | D:1      | 0 ||| qw: Do second Lair branch before Depths: true
     0 | D:1      | 0 ||| qw: Lair rune preference: random
     0 | D:1      | 0 ||| qw: Goals: Normal
     0 | D:1      | 0 ||| PLANNING D:1-11
   141 | D:1      | Reached skill level 3 in Ranged Weapons
   141 | D:1      | Reached XP level 2. HP: 23/23 MP: 2/2
   348 | D:1      | 348 ||| UPGRADING to +0 leather armour.
   405 | D:1      | 405 ||| DROPPING +0 robe.
   651 | D:1      | 651 ||| READING 2 scrolls labelled INLEUK DEACH.
   656 | D:1      | 656 ||| READING scroll labelled OCLYPP ENUALYO.
   657 | D:1      | 657 ||| DRINKING 2 fuming yellow potions.
   658 | D:1      | 658 ||| DRINKING 2 emerald potions.
   659 | D:1      | 659 ||| DROPPING scroll of poison.
   694 | D:2      | Reached XP level 3. HP: 26/29 MP: 3/3
   701 | D:2      | 701 ||| FLEEEEING.
   702 | D:2      | 702 ||| FLEEEEING.
   703 | D:2      | 703 ||| FLEEEEING.
   704 | D:2      | 704 ||| FLEEEEING.
   705 | D:2      | 705 ||| FLEEEEING.
   706 | D:2      | 706 ||| FLEEEEING.
   707 | D:2      | 707 ||| FLEEEEING.
   708 | D:2      | 708 ||| STAIRDANCE
   784 | D:2      | 784 ||| FLEEEEING.
   844 | D:2      | Reached skill level 4 in Ranged Weapons
   974 | D:2      | Found a faded altar of an unknown god.
  1054 | D:2      | Found Zuymitonoi's General Store.
  1065 | D:2      | 1065 ||| SHOPLISTING +0 pair of boots of flying (126 gold,
                  | have 67).
  1065 | D:2      | 1065 ||| BUYING +0 ring mail (44 gold).
  1065 | D:2      | Bought a +0 ring mail for 44 gold pieces
  1128 | D:2      | Found a shimmering blue altar of Sif Muna.
  1230 | D:2      | 1230 ||| UPGRADING to +0 pair of gloves.
  1235 | D:2      | 1235 ||| UPGRADING to +0 ring mail.
  1245 | D:2      | 1245 ||| DROPPING +0 leather armour.
  1246 | D:2      | 1246 ||| READING scroll labelled ESODUCR CAOX.
  1247 | D:2      | 1247 ||| READING scroll labelled ZESIFE WITALAN.
  1248 | D:2      | 1248 ||| READING scroll labelled FEUNUKHLUONN.
  1277 | D:3      | 1277 ||| STAIRDANCE
  1282 | D:2      | Reached skill level 1 in Armour
  1282 | D:2      | Reached XP level 4. HP: 16/36 MP: 4/4
  1376 | D:3      | Noticed Grinder
  1387 | D:3      | HP: 8/36 [Grinder (3)]
  1388 | D:3      | 1388 ||| READING 3 scrolls of teleportation.
  1389 | D:3      | 1389 ||| DRINKING 2 potions of heal wounds.
  1582 | D:3      | Reached skill level 5 in Ranged Weapons
  1585 | D:3      | Noticed Jessica
  1586 | D:3      | 1586 ||| Stepping ~*~*~tactically~*~*~ (outnumbered).
  1597 | D:3      | Killed Jessica
  1598 | D:3      | Reached skill level 3 in Fighting
  1598 | D:3      | Reached XP level 5. HP: 36/45 MP: 5/5
  1662 | D:3      | Noticed Terence
  1666 | D:3      | 1666 ||| FLEEEEING.
  1667 | D:3      | 1667 ||| FLEEEEING.
  1668 | D:3      | 1668 ||| FLEEEEING.
  1669 | D:3      | 1669 ||| FLEEEEING.
  1670 | D:3      | 1670 ||| FLEEEEING.
  1671 | D:3      | 1671 ||| FLEEEEING.
  1672 | D:3      | 1672 ||| FLEEEEING.
  1673 | D:3      | 1673 ||| FLEEEEING.
  1674 | D:3      | 1674 ||| FLEEEEING.
  1675 | D:3      | 1675 ||| FLEEEEING.
  1676 | D:3      | 1676 ||| FLEEEEING.
  1678 | D:3      | 1678 ||| FLEEEEING.
  1679 | D:3      | 1679 ||| FLEEEEING.
  1680 | D:3      | 1680 ||| FLEEEEING.
  1681 | D:3      | 1681 ||| FLEEEEING.
  1682 | D:3      | 1682 ||| FLEEEEING.
  1683 | D:3      | 1683 ||| FLEEEEING.
  1684 | D:3      | 1684 ||| FLEEEEING.
  1685 | D:3      | 1685 ||| FLEEEEING.
  1686 | D:3      | 1686 ||| FLEEEEING.
  1687 | D:3      | 1687 ||| FLEEEEING.
  1688 | D:3      | 1688 ||| FLEEEEING.
  1691 | D:3      | 1691 ||| FLEEEEING.
  1692 | D:3      | 1692 ||| FLEEEEING.
  1693 | D:3      | 1693 ||| FLEEEEING.
  1694 | D:3      | 1694 ||| FLEEEEING.
  1695 | D:3      | 1695 ||| FLEEEEING.
  1696 | D:3      | 1696 ||| FLEEEEING.
  1697 | D:3      | 1697 ||| FLEEEEING.
  1698 | D:3      | 1698 ||| FLEEEEING.
  1699 | D:3      | 1699 ||| FLEEEEING.
  1700 | D:3      | 1700 ||| FLEEEEING.
  1701 | D:3      | 1701 ||| FLEEEEING.
  1702 | D:3      | 1702 ||| FLEEEEING.
  1704 | D:3      | 1704 ||| FLEEEEING.
  1705 | D:3      | 1705 ||| FLEEEEING.
  1706 | D:3      | 1706 ||| FLEEEEING.
  1707 | D:3      | 1707 ||| FLEEEEING.
  1710 | D:3      | 1710 ||| FLEEEEING.
  1711 | D:3      | 1711 ||| FLEEEEING.
  1712 | D:3      | 1712 ||| FLEEEEING.
  1713 | D:3      | 1713 ||| FLEEEEING.
  1714 | D:3      | 1714 ||| FLEEEEING.
  1717 | D:3      | 1717 ||| FLEEEEING.
  1718 | D:3      | 1718 ||| FLEEEEING.
  1719 | D:3      | 1719 ||| FLEEEEING.
  1720 | D:3      | 1720 ||| FLEEEEING.
  1722 | D:3      | 1722 ||| FLEEEEING.
  1735 | D:3      | HP: 8/45 [Terence/+2 heavy hand axe (9)]
  1736 | D:3      | 1736 ||| READING 2 scrolls of teleportation.
  1736 | D:3      | Killed Terence
  1740 | D:3      | 1740 ||| READING scroll of teleportation.
  1965 | D:3      | Paralysed by Grinder for 4 turns
  1980 | D:3      | Paralysed by Grinder for 5 turns
  1988 | D:3      | Killed Grinder
  1989 | D:3      | Reached skill level 7 in Ranged Weapons
  1989 | D:3      | Reached XP level 6. HP: 27/51 MP: 6/6
  2098 | D:3      | Found an ancient bone altar of Kikubaaqudgha.
  2312 | D:3      | 2312 ||| READING scroll labelled PYEZU JAT DURGH.
  2313 | D:3      | 2313 ||| READING scroll labelled QOEROHOIPH.
  2451 | D:4      | Found a shimmering blue altar of Sif Muna.
  2673 | D:4      | Slain by an ogre

Levels and vault maps discovered:
D:1:      scummos_arrival_simple_crosswalls, layout_loops_cross,
          nicolae_kite_square_tiling_tiny
D:2:      layout_rooms, basic_altar,
          dreamdust_ecumenical_altar_hidden_monk_grotto, serial_shops,
          nicolae_shop_tiny_glass
D:3:      layout_rooms, lemuel_zombie_altar_kikubaaqudgha, st_stairs_11,
          uniq_jessica, uniq_terence, uniq_grinder
D:4:      layout_loops_ring, lemuel_blue_sif_altar, serial_glass,
          glass_columns_c, glass_columns_b, kennysheep_generic_room_13,
          uniq_duvessa, uniq_crazy_yiuf_cottage

Skill      XL: |  1  2  3  4  5 |
---------------+----------------+-----
Ranged Weapons | 3 4 5 7 |  7.1
Fighting       | 2 3 |  3.5
Armour         | 1 |  1.0
Dodging        | |  2.1
Spellcasting   | |  1.0
Hexes          | |  2.0

Action                     |  1- 3 |  4- 6 || total
---------------------------+-------+-------++-------
   Fire: Sling             |   111 |   144 ||   255
    Use: Scroll            |     5 |     5 ||    10
         Potion            |     2 |     1 ||     3
 Armour: Leather armour    |     9 |       ||     9
         Robe              |     2 |       ||     2
         Ring mail         |     2 |    28 ||    30
  Dodge: Dodged            |    43 |    64 ||   107

Table legend:
 A = Non-vault XP
 B = Vault XP
 C = Vault XP percentage of total XP
 D = Non-vault monster count
 E = Vault monster count
 F = Vault count percentage of total count
                 A         B        C        D         E       F
            +---------+---------+-------+---------+---------+-------
      Total |     249 |     357 |  58.9 |      60 |      10 |  14.3
            +---------+---------+-------+---------+---------+-------
        D:1 |      30 |       0 |   0.0 |      17 |       0 |   0.0
        D:2 |      77 |       0 |   0.0 |      22 |       0 |   0.0
        D:3 |      94 |     357 |  79.2 |      19 |      10 |  34.5
        D:4 |      48 |       0 |   0.0 |       2 |       0 |   0.0
            +---------+---------+-------+---------+---------+-------
